 Dungeon Crawl Stone Soup version 0.23.2-40-g277498a001 (webtiles) character file.

Game seed: 1024051431471399162

30 DildoBatman the Magician (level 3, 0/24 HPs)
             Began as a Demonspawn Wizard on Aug 17, 2019.
             Slain by an ooze (5 damage)
             ... on level 2 of the Dungeon.
             The game lasted 00:03:20 (1097 turns).

DildoBatman the Magician (Demonspawn Wizard)        Turns: 1097, Time: 00:03:21

Health: 0/24       AC:  5    Str:  7    XL:     3   Next: 5%
Magic:  7/7        EV: 11    Int: 20    God:
Gold:   65         SH:  0    Dex: 11    Spells: 7/8 levels left

rFire    . . .     SeeInvis .   e - +0 short sword
rCold    . . .     Gourm    .   (no shield)
rNeg     . . .     Faith    .   m - +0 leather armour {rPois}
rPois    +         Spirit   .   b - +0 hat
rElec    .         Reflect  .   (no cloak)
rCorr    .         Harm     .   (no gloves)
MR       .....                  (no boots)
Stlth    +.........             i - amulet of the acrobat
HPRegen  0.08/turn              (no ring)
MPRegen  0.10/turn              (no ring)

@: no status effects
A: hooves 1, molten scales 1
a: no special abilities


You were on level 2 of the Dungeon.
You were not hungry.

You visited 1 branch of the dungeon, and saw 2 of its levels.

You collected 65 gold pieces.

Inventory:

Hand Weapons
 e - a +0 short sword (weapon)
Missiles
 d - 60 stones (quivered)
 l - 24 arrows
Armour
 a - a +0 robe
 b - a +0 hat (worn)
 g - a +0 buckler
 m - a +0 leather armour of poison resistance (worn)
Jewellery
 i - an amulet of the acrobat (around neck)
Scrolls
 h - a scroll of blinking {unknown}
 k - 3 scrolls of identify {unknown}
 n - a scroll of enchant armour {unknown}
Potions
 f - a potion of invisibility {unknown}
 j - a potion of agility {unknown}
Comestibles
 c - a chunk of flesh
 v - 2 rations


   Skills:
 - Level 1.7 Dodging
 - Level 1.7 Stealth
 - Level 3.0 Spellcasting
 * Level 3.0 Conjurations
   Level 1.0 Summonings
   Level 0.8 Translocations


You had 7 spell levels left.
You knew the following spells:

 Your Spells              Type           Power        Failure   Level  Hunger
c - Magic Dart            Conj           ###.         6%          1    None

Your spell library contained the following spells:

 Spells                   Type           Power        Failure   Level  Hunger
 Blink                    Tloc           N/A          22%         2    ##.....
 Call Imp                 Summ           #.......     22%         2    ##.....
 Slow                     Hex            #.......     32%         2    ##.....
 Conjure Flame            Conj/Fire      #.......     34%         3    ###....
 Mephitic Cloud           Conj/Pois/Air  #.......     38%         3    ###....


Dungeon Overview and Level Annotations

Branches:
Dungeon (2/15)

Altars:


Innate Abilities, Weirdness & Mutations

You have large cloven feet.
You are partially covered in molten scales. (AC +2)


Message History

What are your orders? t - Shout!
Orders for allies: a - Attack new target. r - Retreat! s - Stop attacking. g - Guard the area. f - Follow me.
Anything else - Cancel.
You shout for attention!
The rat bites you but does no damage. The ooze hits you.
What are your orders? t - Shout!
Orders for allies: a - Attack new target. r - Retreat! s - Stop attacking. g - Guard the area. f - Follow me.
Anything else - Cancel.
You shout for attention!
The frilled lizard unfolds its giant frill.
The rat bites you but does no damage. The ooze hits you.
You die...

... #.# #.. #.# #.#
#.. #.# ###.# ##..
#.# .>.# ... #<###
#..# #.. #...# #..#
#.. ###.## #..#
#.r######...####..#
#..@..............#
##J######...####.##
#l######...###...#
#.#..............#
#.#.####...###...#
..#.# ##.## #####
###.# #.# #.# #.#
#.# #.#


You could see an ooze, a frilled lizard and a rat.

Vanquished Creatures
  An adder (D:2)
  4 bats
  A giant cockroach (D:1)
  A goblin (D:1)
  2 hobgoblins (D:1)
  3 jackals (D:1)
  3 frilled lizards
  6 kobolds (D:1)
  A rat (D:1)
22 creatures vanquished.

Notes
Turn   | Place    | Note
-------+----------+-------------------------------------------
     0 | D:1      | DildoBatman the Demonspawn Wizard began the quest for the
                  | Orb.
     0 | D:1      | Reached XP level 1. HP: 13/13 MP: 4/4
   521 | D:1      | Gained mutation: You have large cloven feet. [demonic
                  | ancestry]
   521 | D:1      | Reached XP level 2. HP: 19/19 MP: 3/6
  1023 | D:2      | Gained mutation: You are partially covered in molten
                  | scales. (AC +2) [demonic ancestry]
  1023 | D:2      | Reached XP level 3. HP: 13/24 MP: 0/7
  1097 | D:2      | Slain by an ooze

Skill      XL: |  1  2 |
---------------+-------+-----
Conjurations   | 2 3 |  3.0
Dodging        | |  1.7
Stealth        | |  1.7
Spellcasting   | |  3.0
Summonings     | |  1.0
Translocations | |  0.8

Action                   || total
-------------------------++-------
Melee: Short sword       ||    27
       Kick              ||     4
 Cast: Magic Dart        ||    45
Armor: Robe              ||     6
       Leather armour    ||    15
Dodge: Dodged            ||    47
